 Dungeon Crawl Stone Soup version 0.27-a0-1149-g4505690ab0 (webtiles) character file.

Game seed: 7205514857756404670

141 bilbop the Magician (level 5, 0/38 HPs)
             Began as a Djinni Air Elementalist on May 12, 2021.
             Slain by an orc
             ... wielding a +0 mace
              (4 damage)
             ... on level 3 of the Dungeon.
             The game lasted 00:11:25 (3620 turns).

bilbop the Magician (Djinni Air Elementalist)       Turns: 3620, Time: 00:11:26

Health: 0/38       AC:  2    Str:  7    XL:     5   Next: 48%
Gold:   256        EV: 12    Int: 17    God:
                   SH:  0    Dex: 14

rFire    + + .     SeeInvis .   f - +0 dagger
rCold    x . .     Faith    .   (no shield)
rNeg     . . .     Spirit   .   a - +0 robe
rPois    ∞         Reflect  .   (helmet currently unavailable)
rElec    .         Harm     .   (no cloak)
rCorr    .         Rampage  .   (no gloves)
Will     .....                  (boots unavailable)
Stlth    ++........             (no amulet)
HPRegen  0.12/turn              (no ring)
MPRegen  0.00/turn              (no ring)

@: appendages, flying
A: horns 2, flying, sickness immunity, fire resistance 2, cold vulnerability 1,
float, innate caster, hp casting, extra vitality 1
a: End Transformation


You were on level 3 of the Dungeon.
You had temporarily grown beastly horns.
You visited 1 branch of the dungeon, and saw 3 of its levels.

You collected 256 gold pieces.

Inventory:

Hand Weapons
 f - a +0 dagger (weapon)
Armour
 a - a +0 robe (worn)
Jewellery
 e - a ring of flight
Scrolls
 g - a scroll of amnesia {unknown}
 i - a scroll of silence {unknown}
 k - a scroll of summoning {unknown}
Potions
 b - a potion of lignification {unknown}
 c - 2 potions of might {unknown}
 d - a potion of resistance {unknown}
 h - a potion of flight {unknown}
 j - a potion of curing {unknown}
 l - a potion of attraction {unknown}


   Skills:
 + Level 1.8 Fighting
 + Level 1.6 Long Blades
 - Level 2.1 Dodging
 + Level 2.5 Stealth
 * Level 3.3 Spellcasting


You couldn't memorise any spells.
You knew the following spells:

 Your Spells              Type           Power      Damage    Failure   Level
a - Shock                 Conj/Air       56%        1d6       4%          1
b - Static Discharge      Conj/Air       14%        N/A       6%          2
c - Swiftness             Air            14%        N/A       13%         3
d - Airstrike             Air            7%         N/A       38%         4
e - Lightning Bolt        Conj/Air       7%         1d19      75%         5
f - Beastly Appendage     Tmut           28%        N/A       4%          1
g - Call Imp              Summ           14%        N/A       6%          2
Your spell library was empty.

Dungeon Overview and Level Annotations

Branches:
Dungeon (3/15)

Altars:
Wu Jian
Zin


Innate Abilities, Weirdness & Mutations

You have temporarily grown beastly horns.
You are flying.
You are immune to sickness and miasma.
You are immune to poison.
Your flesh is very heat resistant. (rF++)
You are vulnerable to cold. (rC-)
You float through the air rather than walking.
You learn spells naturally, not from books.
Your magical power is your life essence.
You have superior vitality. (+4 HP)


Message History

You kill the jackal!
The jackal is struck by an arc of lightning!
You kill the jackal!
The lightning grounds out.
A jackal comes into view.
The orc priest barely misses you. The orc hits you with a +0 mace.
Casting: Static Discharge (safe; 7% risk of failure)
Confirm with . or Enter, or press ? or * to list all spells.
The orc is struck by an arc of lightning.
The orc is heavily wounded.
You are struck by an arc of lightning.
The lightning grounds out.
The orc priest is struck by an arc of lightning.
You kill the orc priest!
You are struck by an arc of lightning.
The lightning grounds out.
The orc hits you with a +0 mace. The orc barely misses you.
The jackal bites you.
Casting: Static Discharge (safe; 6% risk of failure)
Confirm with . or Enter, or press ? or * to list all spells.
You grow a pair of large bovine horns.
The orc hits you with a +0 mace.
* * * LOW HITPOINT WARNING * * *
Casting: Beastly Appendage (safe; 4% risk of failure)
Confirm with . or Enter, or press ? or * to list all spells.
Aiming: Shock (safe; 4% risk of failure)
Press: ? - help, Shift-Dir - straight line, f - orc
Aim: an orc, wielding a +0 mace and wearing a +0 scale mail (heavily wounded, 75% to hit)
The zap misses the orc.
The zap misses the jackal.
* * * LOW HITPOINT WARNING * * *
The orc hits you with a +0 mace.
* * * LOW HITPOINT WARNING * * *
Casting: Shock (safe; 4% risk of failure)
Confirm with . or Enter, or press ? or * to list all spells.
Aiming: Shock (safe; 4% risk of failure)
Press: ? - help, Shift-Dir - straight line, f/p - orc
Aim: an orc, wielding a +0 mace and wearing a +0 scale mail (heavily wounded, 75% to hit)
The zap hits the orc but does no damage.
The orc is heavily wounded.
The zap misses the jackal.
* * * LOW HITPOINT WARNING * * *
The orc hits you with a +0 mace.
You die...

#.# #.## #.# ####### #.#. #.#
#...... ##.#. ##.######.....
#..'. .......##..... #..#.
.......##...†# #..#.
.......##...)# #..##
.......##....################....
.......##.....ho@.......).....#..
##+######....###############.##..
...........................(.....
##.#########.#.#######.#####.#...
...# #.# #.#####.# #.#.). ####
#.#.#.......# #.#...
.....<..†...#####.#...
#.#.######........#... ##
#..........######...


You could see an orc and a jackal.

Vanquished Creatures
  An orc priest (D:3)
  4 adders
  2 worms (D:2)
  2 dart slugs
  3 orcs (D:3)
  4 bats
  8 endoplasms
  3 giant cockroaches
  7 goblins
  5 hobgoblins
  5 jackals (D:3)
  4 kobolds (D:2)
  3 ball pythons
  5 frilled lizards
  6 rats
62 creatures vanquished.

Notes
Turn   | Place    | Note
-------+----------+-------------------------------------------
     0 | D:1      | bilbop the Djinni Air Elementalist began the quest for the
                  | Orb.
     0 | D:1      | Reached XP level 1. HP: 15/15 MP: 0/0
   319 | D:1      | Reached XP level 2. HP: 18/22 MP: 0/0
   537 | D:1      | Found a faded altar of an unknown god.
  1066 | D:2      | Reached XP level 3. HP: 22/26 MP: 0/0
  1066 | D:2      | Learned a level 1 spell: Beastly Appendage
  1240 | D:2      | Reached skill level 1 in Fighting
  1522 | D:2      | Reached skill level 1 in Long Blades
  1753 | D:2      | Reached skill level 3 in Spellcasting
  1753 | D:2      | Reached XP level 4. HP: 28/32 MP: 0/0
  2983 | D:3      | Found a glowing silver altar of Zin.
  3348 | D:3      | Reached XP level 5. HP: 32/37 MP: 0/0
  3348 | D:3      | Learned a level 2 spell: Call Imp
  3396 | D:3      | Found an ornate altar of the Wu Jian Council.
  3620 | D:3      | Slain by an orc

Illustrated notes

Levels and vault maps discovered:
D:1:      evilmike_arrival_grusome_pit, layout_loops_ring,
          ebering_ecumenical_altar_petrified
D:2:      minmay_alternating_diamond, layout_basic
D:3:      layout_basic, nicolae_overflow_crystal_walls, amcnicky_altar_gilded

Skill      XL: |  1  2  3 |
---------------+----------+-----
Stealth        | 2 |  2.5
Fighting       | 1 |  1.8
Long Blades    | 1 |  1.6
Spellcasting   | 3 |  3.3
Dodging        | |  2.1

Action                   |  1- 3 |  4- 6 || total
-------------------------+-------+-------++-------
Melee: Dagger            |       |    12 ||    12
 Cast: Shock             |    64 |    59 ||   123
       Static Discharge  |     1 |     5 ||     6
       Beastly Appendage |       |     1 ||     1
 Stab: Sleeping          |       |     6 ||     6
Armor: Robe              |       |     2 ||     2
Dodge: Dodged            |     5 |    15 ||    20

Table legend: (Time is in decaauts)
 A = Elapsed time spent in this place.
 B = Non-inter-level travel time spent in this place.
 C = Inter-level travel time spent in this place.
 D = Time resting spent in this place.
 E = Time spent auto-exploring this place.
 F = Levels seen in this place.
 G = Mean time per level.
                   A        B        C        D        E       F      G
               +--------+--------+--------+--------+--------+-----+--------+
         Total |   3618 |   3464 |    154 |    322 |   2855 |   3 | 1206.0 |
       Dungeon |   3618 |   3464 |    154 |    322 |   2855 |   3 | 1206.0 |
               +--------+--------+--------+--------+--------+-----+--------+

Top non-repeatable levels by time:
     D:2: 1821 daAuts
     D:1: 980 daAuts
     D:3: 816 daAuts
